Canucks vs Hurricanes

Created - 7 décembre 2017 at 21:26

Goals
1 2 3 OT1 SO T
Canucks 1 1 1 0 3 4
Hurricanes 1 1 1 0 1 3
Shots
1 2 3 OT1 SO T
Canucks 7 7 10 3 3 27
Hurricanes 12 5 7 3 2 27

1st period

1. Canucks , Nathan Beaulieu 1 (Anthony Beauvillier 6, Adam Henrique 9) at 2:59
2. Hurricanes , Nick Foligno 11 (Michael Frolik 11, Jon Merrill 1) at 11:50

Penalties :
Ryan Strome (VAN) for Hooking (Minor) at 0:47

2nd period

3. Hurricanes , Zach Parise 13 (Lee Stempniak 13, Leo Komarov 12) at 10:18
4. Canucks , Logan Shaw 2 (Adam Henrique 10, Anthony Beauvillier 7) at 10:40

Penalties :
No Penalty

3rd period

5. Hurricanes , Bryan Little 13 (Michael Frolik 12) at 6:47
6. Canucks , Chris Kreider 8 (Mattias Ekholm 12, Evgeny Kuznetsov 19) at 10:05 (PP)

Penalties :
Nick Foligno (CAR) for Tripping (Minor) at 1:04, Jon Merrill (CAR) for High sticking (Minor) at 9:10, Derek Ryan (CAR) for High sticking (Minor) at 16:21

Overtime #1

No Goal

Penalties :
No Penalty

Shootout

Penalty Shot by Matt Duchene for Canucks - Goal!
Penalty Shot by Bryan Little for Hurricanes - Goal!
Penalty Shot by Evgeny Kuznetsov for Canucks - Goal!
Penalty Shot by Nick Foligno for Hurricanes - Stopped by Devan Dubnyk
Penalty Shot by Adam Henrique for Canucks - Goal!

Penalties :
No Penalty

Goalie Stats

Devan Dubnyk (VAN), 24 saves from 27 shots - (0.889), W, 13-12-7, 65:00 minutes
Frederik Andersen (CAR), 24 saves from 27 shots - (0.889), OTL, 19-7-4, 65:00 minutes

Players Stats for Canucks

Player Name              G  A  P  +/- PIM S  H  SB GA TA FO     MP     PP MP  PK MP  
------------------------------------------------------------------------------------
Adam Henrique            0  2  2   1  0   3  3  0  0  0  12/24  19:02   0:00   0:43 
Alex Pietrangelo         0  0  0  -1  0   0  1  2  0  0  0/0    29:08   2:37   0:43 
Anthony Beauvillier      0  2  2   1  0   1  0  0  0  0  1/2    16:15   0:00   0:00 
Brayden Point            0  0  0   0  0   0  1  0  0  0  1/2     3:53   0:00   0:11 
Chris Kreider            1  0  1  -2  0   7  1  1  0  0  0/1    18:16   1:42   0:00 
Cody Ceci                0  0  0  -1  0   3  0  1  0  0  0/0    19:14   2:16   1:16 
Erik Karlsson            0  0  0  -1  0   1  6  1  0  0  0/0    29:17   2:37   0:43 
Evander Kane             0  0  0   0  0   2  2  0  0  0  0/1    22:50   3:11   0:43 
Evgeny Kuznetsov         0  1  1  -2  0   2  1  1  0  0  11/26  24:23   1:42   1:16 
Jonathan Marchessault    0  0  0   0  0   2  0  1  0  0  3/3    21:50   3:11   0:00 
Logan Shaw               1  0  1   1  0   1  0  0  0  0  0/0    16:15   0:00   0:00 
Marcus Kruger            0  0  0   0  0   0  0  0  0  0  0/0     0:00   0:00   0:00 
Matt Duchene             0  0  0   0  0   3  0  1  0  0  14/21  25:43   3:11   1:05 
Mattias Ekholm           0  1  1  -1  0   0  1  0  0  0  0/0    19:43   2:16   1:16 
Michael Matheson         0  0  0   1  0   0  1  0  0  0  0/0    13:49   0:00   0:00 
Nathan Beaulieu          1  0  1   1  0   1  0  1  0  0  0/0    13:49   0:00   0:00 
Ryan Strome              0  0  0  -2  2   1  0  0  0  0  0/1    17:27   1:42   0:00 
William Karlsson         0  0  0   0  0   0  0  0  0  0  0/0     2:06   0:00   0:00 

Players Stats for Hurricanes

Player Name              G  A  P  +/- PIM S  H  SB GA TA FO     MP     PP MP  PK MP  
------------------------------------------------------------------------------------
Alex Chiasson            0  0  0  -2  0   2  3  0  0  0  0/0    16:08   0:00   0:00 
Brad Richardson          0  0  0  -2  0   2  1  0  0  0  4/5    17:17   0:00   1:09 
Brett Pesce              0  0  0  -1  0   1  1  2  0  0  0/0    20:58   1:13   2:19 
Brian Strait             0  0  0   1  0   0  0  1  0  0  0/0    15:36   0:00   0:13 
Bryan Little             1  0  1   2  0   1  0  1  0  0  13/25  25:37   0:50   2:09 
Derek Ryan               0  0  0  -2  2   3  1  0  0  0  10/18  17:40   0:00   0:40 
Dustin Byfuglien         0  0  0   1  0   1  4  2  0  0  0/0    26:28   0:46   2:34 
Jon Merrill              0  1  1   1  2   0  3  1  0  0  0/0    15:22   0:00   0:00 
Keith Yandle             0  0  0   1  0   0  1  3  0  0  0/0    26:58   0:46   2:21 
Lee Stempniak            0  1  1   1  0   1  1  0  0  0  1/2    18:11   1:09   0:00 
Leo Komarov              0  1  1   1  0   1  2  0  0  0  7/20   21:18   1:09   1:29 
Liam OBrien              0  0  0   0  0   0  0  0  0  0  0/2     3:23   0:00   0:36 
Marcus Foligno           0  0  0   0  0   0  0  0  0  0  0/0     3:54   0:00   1:07 
Michael Frolik           0  2  2   2  0   2  0  0  0  0  2/3    19:35   0:50   0:00 
Nick Foligno             1  0  1   2  2   7  2  0  0  0  0/4    21:24   0:50   1:13 
Patrick Wiercioch        0  0  0  -1  0   1  0  0  0  0  0/0    19:37   1:13   2:19 
Tom Pyatt                0  0  0   0  0   0  0  0  0  0  0/0     0:05   0:00   0:00 
Zach Parise              1  0  1   1  0   5  0  0  0  0  2/2    20:33   1:09   1:23 

3 Stars

1 - Adam Henrique (VAN)
2 - Bryan Little (CAR)
3 - Michael Frolik (CAR)

Power Play

Canucks - 1 on 3 Attempt(s) - 33.33%
Hurricanes - 0 on 1 Attempt(s) - 0.00%

Penalty Kill

Canucks - 1 on 1 Attempt(s) - 100.00% - Score 0 goal in Penalty Kill
Hurricanes - 2 on 3 Attempt(s) - 66.67% - Score 0 goal in Penalty Kill

Team Stat

Canucks - Hits : 17 - Faceoff Wins : 42 - Blocked Shots : 9 - Penalty Minutes : 2
Hurricanes - Hits : 19 - Faceoff Wins : 39 - Blocked Shots : 10 - Penalty Minutes : 6

Official

Referees : Kelly Sutherland and Dave Lewis
Linesman : Don Henderson and Shandor Alphonso

Game Notes

No Game Note

Finance

Level 1 -- Attendance: 4645 (77.42%) -- Ticket Income 548 110 $
Level 2 -- Attendance: 5000 (100.00%) -- Ticket Income 375 000 $
Level 3 -- Attendance: 2994 (85.54%) -- Ticket Income 143 712 $
Level 4 -- Attendance: 2700 (84.91%) -- Ticket Income 81 000 $
Luxury Box -- Attendance: 865 (86.50%) -- Ticket Income 182 515 $
Game was played at the PNC Arena.
Total Attendance: 16204 (86.75%)
Total Ticket Income: 1 330 337 $
Other Income: 199 551 $
Total Income: 1 529 888 $

% Time on Ice - Canucks

Lines # - Real PCT - Wanted PCT - Time Play
Normal Forward
1 - 33% - 40% - 17:25
2 - 30% - 30% - 15:46
3 - 31% - 20% - 16:15
4 - 7% - 10% - 3:42
Normal Defense
1 - 38% - 40% - 19:56
2 - 30% - 30% - 15:42
3 - 26% - 20% - 13:49
4 - 7% - 10% - 3:41
PP Forward
1 - 65% - 60% - 3:11
2 - 35% - 40% - 1:42
PP Defense
1 - 54% - 60% - 2:37
2 - 46% - 40% - 2:16
PK Forward
1 - 64% - 60% - 1:16
2 - 36% - 40% - 0:43
PK Defense
1 - 36% - 60% - 0:43
2 - 64% - 40% - 1:16
PK3 Forward
1 - 0% - 60%
2 - 0% - 40%
PK3 Defense
1 - 0% - 60%
2 - 0% - 40%
44 Forward
1 - 0% - 60%
2 - 0% - 40%
44 Defense
1 - 0% - 60%
2 - 0% - 40%
Last Minute Offensive  - 0:00
Last Minute Defensive  - 0:00
Total
Forward - 60:00
Defense - 60:00

% Time on Ice - Hurricanes

Lines # - Real PCT - Wanted PCT - Time Play
Normal Forward
1 - 33% - 40% - 17:29
2 - 31% - 30% - 16:44
3 - 30% - 20% - 16:08
4 - 5% - 10% - 2:47
Normal Defense
1 - 36% - 40% - 18:53
2 - 30% - 30% - 16:10
3 - 29% - 20% - 15:23
4 - 5% - 10% - 2:42
PP Forward
1 - 42% - 60% - 0:50
2 - 58% - 40% - 1:09
PP Defense
1 - 39% - 60% - 0:46
2 - 61% - 40% - 1:13
PK Forward
1 - 72% - 60% - 3:30
2 - 28% - 40% - 1:23
PK Defense
1 - 53% - 60% - 2:34
2 - 47% - 40% - 2:19
PK3 Forward
1 - 0% - 60%
2 - 0% - 40%
PK3 Defense
1 - 0% - 60%
2 - 0% - 40%
44 Forward
1 - 0% - 60%
2 - 0% - 40%
44 Defense
1 - 0% - 60%
2 - 0% - 40%
Last Minute Offensive  - 0:00
Last Minute Defensive  - 0:00
Total
Forward - 60:00
Defense - 60:00

Play by Play

1st period


0:01 of 1st period - Matt Duchene wins face-off versus Bryan Little in neutral zone.
0:09 of 1st period - Evander Kane is hit by Keith Yandle and loses puck.
0:29 of 1st period - Jonathan Marchessault is hit by Dustin Byfuglien and loses puck.
0:47 of 1st period - Minor Penalty to Ryan Strome for Hooking.
0:48 of 1st period - Matt Duchene wins face-off versus Leo Komarov in Canucks zone.
1:10 of 1st period - Shot by Leo Komarov.
1:10 of 1st period - Stopped by Devan Dubnyk without a rebound.
1:11 of 1st period - Leo Komarov wins face-off versus Matt Duchene in Canucks zone.
2:44 of 1st period - Shot by Zach Parise.
2:44 of 1st period - Stopped by Devan Dubnyk without a rebound.
2:45 of 1st period - Adam Henrique wins face-off versus Leo Komarov in Canucks zone.
2:51 of 1st period - Icing by Jon Merrill.
2:52 of 1st period - Adam Henrique wins face-off versus Derek Ryan in Hurricanes zone.
2:57 of 1st period - Shot by Anthony Beauvillier.
2:57 of 1st period - Shot Misses the Net.
2:59 of 1st period - Shot by Nathan Beaulieu.
2:59 of 1st period - Goal by Nathan Beaulieu - Canucks : 1 - Hurricanes : 0.
3:00 of 1st period - Derek Ryan wins face-off versus Adam Henrique in neutral zone.
3:11 of 1st period - Shot by Alex Chiasson.
3:11 of 1st period - Stopped by Devan Dubnyk without a rebound.
3:12 of 1st period - Evgeny Kuznetsov wins face-off versus Leo Komarov in Canucks zone.
3:31 of 1st period - Shot by Zach Parise.
3:31 of 1st period - Shot Misses the Net.
4:29 of 1st period - Shot by Bryan Little.
4:29 of 1st period - Deflect By Michael Frolik.
4:29 of 1st period - Shot Misses the Net.
4:31 of 1st period - Shot by Brett Pesce.
4:31 of 1st period - Stopped by Devan Dubnyk without a rebound.
4:32 of 1st period - Derek Ryan wins face-off versus Matt Duchene in Canucks zone.
5:49 of 1st period - Shot by Chris Kreider.
5:49 of 1st period - Stopped by Frederik Andersen without a rebound.
5:50 of 1st period - Leo Komarov wins face-off versus Adam Henrique in Hurricanes zone.
5:54 of 1st period - Off-side.
5:55 of 1st period - Leo Komarov wins face-off versus Adam Henrique in neutral zone.
6:16 of 1st period - Leo Komarov is hit by Erik Karlsson.
6:45 of 1st period - Icing by Erik Karlsson.
6:46 of 1st period - Adam Henrique wins face-off versus Bryan Little in Canucks zone.
7:15 of 1st period - Shot by Michael Frolik.
7:15 of 1st period - Shot Misses the Net.
7:35 of 1st period - Brad Richardson is hit by Evander Kane and loses puck.
7:57 of 1st period - Shot by Derek Ryan.
7:57 of 1st period - Shot Misses the Net.
7:59 of 1st period - Shot by Alex Chiasson.
7:59 of 1st period - Stopped by Devan Dubnyk without a rebound.
8:00 of 1st period - Evgeny Kuznetsov wins face-off versus Leo Komarov in Canucks zone.
8:00 of 1st period - Evgeny Kuznetsov is hit by Lee Stempniak.
8:07 of 1st period - Off-side.
8:08 of 1st period - Evgeny Kuznetsov wins face-off versus Leo Komarov in neutral zone.
8:10 of 1st period - Alex Pietrangelo is hit by Dustin Byfuglien and loses puck.
8:29 of 1st period - Icing by Alex Pietrangelo.
8:30 of 1st period - Evgeny Kuznetsov wins face-off versus Nick Foligno in Canucks zone.
8:46 of 1st period - Evgeny Kuznetsov is hit by Brett Pesce and loses puck.
9:27 of 1st period - Shot by Anthony Beauvillier.
9:27 of 1st period - Stopped by Frederik Andersen without a rebound.
9:28 of 1st period - Matt Duchene wins face-off versus Leo Komarov in Hurricanes zone.
9:35 of 1st period - Shot by Jonathan Marchessault.
9:35 of 1st period - Shot Misses the Net.
9:37 of 1st period - Shot by Cody Ceci.
9:37 of 1st period - Stopped by Frederik Andersen without a rebound.
9:38 of 1st period - Derek Ryan wins face-off versus Matt Duchene in Hurricanes zone.
10:38 of 1st period - Shot by Anthony Beauvillier.
10:38 of 1st period - Shot Blocked by Dustin Byfuglien.
10:40 of 1st period - Shot by Adam Henrique.
10:40 of 1st period - Shot Misses the Net.
10:42 of 1st period - Shot by Cody Ceci.
10:42 of 1st period - Stopped by Frederik Andersen without a rebound.
10:43 of 1st period - Evgeny Kuznetsov wins face-off versus Bryan Little in Hurricanes zone.
10:52 of 1st period - Shot by Evgeny Kuznetsov.
10:52 of 1st period - Stopped by Frederik Andersen without a rebound.
10:53 of 1st period - Leo Komarov wins face-off versus Evgeny Kuznetsov in Hurricanes zone.
11:15 of 1st period - Shot by Chris Kreider.
11:15 of 1st period - Stopped by Frederik Andersen without a rebound.
11:16 of 1st period - Bryan Little wins face-off versus Adam Henrique in Hurricanes zone.
11:16 of 1st period - Bryan Little is hit by Adam Henrique.
11:46 of 1st period - Shot by Bryan Little.
11:46 of 1st period - Shot Misses the Net.
11:50 of 1st period - Shot by Michael Frolik.
11:50 of 1st period - Deflect By Nick Foligno.
11:50 of 1st period - Goal by Nick Foligno - Canucks : 1 - Hurricanes : 1.
11:51 of 1st period - Matt Duchene wins face-off versus Leo Komarov in neutral zone.
13:28 of 1st period - Icing by Erik Karlsson.
13:29 of 1st period - Brad Richardson wins face-off versus Evgeny Kuznetsov in Canucks zone.
13:36 of 1st period - Shot by Derek Ryan.
13:36 of 1st period - Stopped by Devan Dubnyk with a rebound.
13:47 of 1st period - Alex Chiasson is hit by Erik Karlsson and loses puck.
13:56 of 1st period - Alex Chiasson is hit by Erik Karlsson and loses puck.
14:04 of 1st period - Derek Ryan is hit by Erik Karlsson and loses puck.
14:19 of 1st period - Shot by Nick Foligno.
14:19 of 1st period - Shot Misses the Net.
14:21 of 1st period - Shot by Nick Foligno.
14:21 of 1st period - Stopped by Devan Dubnyk without a rebound.
14:22 of 1st period - Matt Duchene wins face-off versus Bryan Little in Canucks zone.
14:44 of 1st period - Shot by Michael Frolik.
14:44 of 1st period - Stopped by Devan Dubnyk without a rebound.
14:45 of 1st period - Adam Henrique wins face-off versus Leo Komarov in Canucks zone.
15:01 of 1st period - Leo Komarov is hit by Michael Matheson and loses puck.
15:20 of 1st period - Shot by Zach Parise.
15:20 of 1st period - Shot Misses the Net.
15:41 of 1st period - Michael Matheson is hit by Alex Chiasson and loses puck.
15:46 of 1st period - Shot by Brad Richardson.
15:46 of 1st period - Stopped by Devan Dubnyk without a rebound.
15:47 of 1st period - Matt Duchene wins face-off versus Bryan Little in Canucks zone.
16:18 of 1st period - Shot by Bryan Little.
16:18 of 1st period - Shot Hit the Post.
16:20 of 1st period - Shot by Brett Pesce.
16:20 of 1st period - Shot Hit the Post.
18:27 of 1st period - Icing by Cody Ceci.
18:28 of 1st period - Brad Richardson wins face-off versus Adam Henrique in Canucks zone.
18:41 of 1st period - Logan Shaw is hit by Jon Merrill and loses puck.
19:03 of 1st period - Icing by Brian Strait.
19:04 of 1st period - Matt Duchene wins face-off versus Derek Ryan in Hurricanes zone.
19:53 of 1st period - Shot by Nick Foligno.
19:53 of 1st period - Stopped by Devan Dubnyk with a rebound.
19:55 of 1st period - Shot by Dustin Byfuglien.
19:55 of 1st period - Stopped by Devan Dubnyk without a rebound.
19:56 of 1st period - Bryan Little wins face-off versus Evgeny Kuznetsov in Canucks zone.
Goals for this period are 1 for Canucks vs 1 for Hurricanes.
Shots for this period are 7 for Canucks vs 12 for Hurricanes.

2nd period


0:01 of 2nd period - Bryan Little wins face-off versus Brayden Point in neutral zone.
0:06 of 2nd period - Keith Yandle is hit by Brayden Point and loses puck.
2:12 of 2nd period - Icing by Jon Merrill.
2:13 of 2nd period - Evgeny Kuznetsov wins face-off versus Derek Ryan in Hurricanes zone.
2:33 of 2nd period - Ryan Strome is hit by Jon Merrill and loses puck.
2:40 of 2nd period - Shot by Evgeny Kuznetsov.
2:40 of 2nd period - Deflect By Chris Kreider.
2:40 of 2nd period - Stopped by Frederik Andersen without a rebound.
2:41 of 2nd period - Adam Henrique wins face-off versus Liam OBrien in Hurricanes zone.
2:41 of 2nd period - Adam Henrique is hit by Dustin Byfuglien.
3:32 of 2nd period - Brett Pesce is hit by Adam Henrique and loses puck.
3:43 of 2nd period - Erik Karlsson is hit by Leo Komarov.
4:36 of 2nd period - Shot by Jonathan Marchessault.
4:36 of 2nd period - Shot Misses the Net.
4:53 of 2nd period - Shot by Evander Kane.
4:53 of 2nd period - Shot Misses the Net.
5:26 of 2nd period - Icing by Brad Richardson.
5:27 of 2nd period - Derek Ryan wins face-off versus Evgeny Kuznetsov in Hurricanes zone.
5:29 of 2nd period - Icing by Keith Yandle.
5:30 of 2nd period - Derek Ryan wins face-off versus Adam Henrique in Hurricanes zone.
5:59 of 2nd period - Shot by Brad Richardson.
5:59 of 2nd period - Shot Misses the Net.
6:06 of 2nd period - Icing by Erik Karlsson.
6:07 of 2nd period - Adam Henrique wins face-off versus Leo Komarov in Canucks zone.
6:26 of 2nd period - Shot by Zach Parise.
6:26 of 2nd period - Stopped by Devan Dubnyk without a rebound.
6:27 of 2nd period - Brayden Point wins face-off versus Bryan Little in Canucks zone.
7:36 of 2nd period - Shot by Jonathan Marchessault.
7:36 of 2nd period - Stopped by Frederik Andersen without a rebound.
7:37 of 2nd period - Adam Henrique wins face-off versus Derek Ryan in Hurricanes zone.
7:52 of 2nd period - Michael Matheson is hit by Alex Chiasson and loses puck.
8:52 of 2nd period - Shot by Evander Kane.
8:52 of 2nd period - Stopped by Frederik Andersen without a rebound.
8:53 of 2nd period - Lee Stempniak wins face-off versus Evgeny Kuznetsov in Hurricanes zone.
9:19 of 2nd period - Shot by Evgeny Kuznetsov.
9:19 of 2nd period - Shot Misses the Net.
9:21 of 2nd period - Shot by Chris Kreider.
9:21 of 2nd period - Stopped by Frederik Andersen without a rebound.
9:22 of 2nd period - Matt Duchene wins face-off versus Nick Foligno in Hurricanes zone.
9:25 of 2nd period - Shot by Evander Kane.
9:25 of 2nd period - Deflect By Matt Duchene.
9:25 of 2nd period - Shot Blocked by Keith Yandle.
10:00 of 2nd period - Shot by Nick Foligno.
10:00 of 2nd period - Stopped by Devan Dubnyk without a rebound.
10:01 of 2nd period - Leo Komarov wins face-off versus Evgeny Kuznetsov in Canucks zone.
10:10 of 2nd period - Shot by Zach Parise.
10:10 of 2nd period - Shot Misses the Net.
10:12 of 2nd period - Shot by Leo Komarov.
10:12 of 2nd period - Shot Misses the Net.
10:18 of 2nd period - Shot by Zach Parise.
10:18 of 2nd period - Goal by Zach Parise - Canucks : 1 - Hurricanes : 2.
10:19 of 2nd period - Anthony Beauvillier wins face-off versus Derek Ryan in neutral zone.
10:24 of 2nd period - Shot by Adam Henrique.
10:24 of 2nd period - Stopped by Frederik Andersen with a rebound.
10:26 of 2nd period - Shot by Logan Shaw.
10:26 of 2nd period - Deflect By Anthony Beauvillier.
10:26 of 2nd period - Shot Misses the Net.
10:38 of 2nd period - Shot by Logan Shaw.
10:38 of 2nd period - Shot Misses the Net.
10:40 of 2nd period - Shot by Logan Shaw.
10:40 of 2nd period - Goal by Logan Shaw - Canucks : 2 - Hurricanes : 2.
10:41 of 2nd period - Bryan Little wins face-off versus Evgeny Kuznetsov in neutral zone.
10:45 of 2nd period - Off-side.
10:46 of 2nd period - Bryan Little wins face-off versus Evgeny Kuznetsov in neutral zone.
10:49 of 2nd period - Alex Pietrangelo is hit by Nick Foligno and loses puck.
11:00 of 2nd period - Shot by Michael Frolik.
11:00 of 2nd period - Deflect By Nick Foligno.
11:00 of 2nd period - Shot Blocked by Chris Kreider.
11:06 of 2nd period - Shot by Nick Foligno.
11:06 of 2nd period - Shot Blocked by Evgeny Kuznetsov.
11:15 of 2nd period - Icing by Alex Pietrangelo.
11:16 of 2nd period - Evgeny Kuznetsov wins face-off versus Leo Komarov in Canucks zone.
12:44 of 2nd period - Icing by Evgeny Kuznetsov.
12:45 of 2nd period - Michael Frolik wins face-off versus Evgeny Kuznetsov in Canucks zone.
13:26 of 2nd period - Shot by Jonathan Marchessault.
13:26 of 2nd period - Shot Misses the Net.
13:42 of 2nd period - Shot by Jonathan Marchessault.
13:42 of 2nd period - Shot Blocked by Brett Pesce.
13:53 of 2nd period - Shot by Leo Komarov.
13:53 of 2nd period - Shot Blocked by Jonathan Marchessault.
13:57 of 2nd period - Shot by Zach Parise.
13:57 of 2nd period - Stopped by Devan Dubnyk without a rebound.
13:58 of 2nd period - Derek Ryan wins face-off versus Adam Henrique in Canucks zone.
14:09 of 2nd period - Shot by Derek Ryan.
14:09 of 2nd period - Stopped by Devan Dubnyk without a rebound.
14:10 of 2nd period - Zach Parise wins face-off versus Adam Henrique in Canucks zone.
14:28 of 2nd period - Icing by Michael Matheson.
14:29 of 2nd period - Brad Richardson wins face-off versus Adam Henrique in Canucks zone.
14:42 of 2nd period - Nathan Beaulieu is hit by Alex Chiasson and loses puck.
14:50 of 2nd period - Icing by Anthony Beauvillier.
14:51 of 2nd period - Adam Henrique wins face-off versus Bryan Little in Canucks zone.
17:02 of 2nd period - Jon Merrill is hit by Adam Henrique and loses puck.
17:17 of 2nd period - Shot by Jonathan Marchessault.
17:17 of 2nd period - Shot Blocked by Jon Merrill.
17:19 of 2nd period - Shot by Matt Duchene.
17:19 of 2nd period - Shot Misses the Net.
17:23 of 2nd period - Shot by Evander Kane.
17:23 of 2nd period - Shot Blocked by Brian Strait.
17:35 of 2nd period - Shot by Matt Duchene.
17:35 of 2nd period - Shot Misses the Net.
17:44 of 2nd period - Derek Ryan is hit by Mattias Ekholm and loses puck.
17:51 of 2nd period - Brad Richardson is hit by Evander Kane and loses puck.
17:59 of 2nd period - Icing by Brian Strait.
18:00 of 2nd period - Evgeny Kuznetsov wins face-off versus Derek Ryan in Hurricanes zone.
18:05 of 2nd period - Shot by Chris Kreider.
18:05 of 2nd period - Deflect By Evgeny Kuznetsov.
18:05 of 2nd period - Shot Misses the Net.
18:09 of 2nd period - Shot by Ryan Strome.
18:09 of 2nd period - Shot Misses the Net.
18:11 of 2nd period - Shot by Evgeny Kuznetsov.
18:11 of 2nd period - Shot Misses the Net.
18:13 of 2nd period - Shot by Chris Kreider.
18:13 of 2nd period - Stopped by Frederik Andersen without a rebound.
18:14 of 2nd period - Leo Komarov wins face-off versus Adam Henrique in Hurricanes zone.
18:21 of 2nd period - Shot by Lee Stempniak.
18:21 of 2nd period - Shot Blocked by Nathan Beaulieu.
18:56 of 2nd period - Zach Parise is hit by Erik Karlsson and loses puck.
19:12 of 2nd period - Erik Karlsson is hit by Dustin Byfuglien.
Goals for this period are 1 for Canucks vs 1 for Hurricanes.
Shots for this period are 7 for Canucks vs 5 for Hurricanes.

3rd period


0:01 of 3rd period - Bryan Little wins face-off versus Matt Duchene in neutral zone.
0:09 of 3rd period - Icing by Erik Karlsson.
0:10 of 3rd period - Matt Duchene wins face-off versus Leo Komarov in Canucks zone.
0:47 of 3rd period - Shot by Matt Duchene.
0:47 of 3rd period - Stopped by Frederik Andersen without a rebound.
0:48 of 3rd period - Bryan Little wins face-off versus Evgeny Kuznetsov in Hurricanes zone.
1:04 of 3rd period - Minor Penalty to Nick Foligno for Tripping.
1:05 of 3rd period - Evgeny Kuznetsov wins face-off versus Bryan Little in Hurricanes zone.
1:12 of 3rd period - Shot by Alex Pietrangelo.
1:12 of 3rd period - Shot Blocked by Keith Yandle.
1:26 of 3rd period - Shot by Alex Pietrangelo.
1:26 of 3rd period - Shot Blocked by Bryan Little.
3:01 of 3rd period - Shot by Derek Ryan.
3:01 of 3rd period - Stopped by Devan Dubnyk without a rebound.
3:02 of 3rd period - Brad Richardson wins face-off versus Evgeny Kuznetsov in Canucks zone.
3:06 of 3rd period - Icing by Adam Henrique.
3:07 of 3rd period - Adam Henrique wins face-off versus Leo Komarov in Canucks zone.
3:21 of 3rd period - Shot by Adam Henrique.
3:21 of 3rd period - Stopped by Frederik Andersen without a rebound.
3:22 of 3rd period - Derek Ryan wins face-off versus Evgeny Kuznetsov in Hurricanes zone.
3:41 of 3rd period - Shot by Derek Ryan.
3:41 of 3rd period - Shot Blocked by Erik Karlsson.
3:43 of 3rd period - Shot by Patrick Wiercioch.
3:43 of 3rd period - Stopped by Devan Dubnyk without a rebound.
3:44 of 3rd period - Michael Frolik wins face-off versus Adam Henrique in Canucks zone.
3:45 of 3rd period - Shot by Nick Foligno.
3:45 of 3rd period - Stopped by Devan Dubnyk without a rebound.
3:46 of 3rd period - Adam Henrique wins face-off versus Michael Frolik in Canucks zone.
4:01 of 3rd period - Alex Pietrangelo is hit by Nick Foligno and loses puck.
4:06 of 3rd period - Shot by Keith Yandle.
4:06 of 3rd period - Shot Misses the Net.
4:08 of 3rd period - Shot by Dustin Byfuglien.
4:08 of 3rd period - Shot Blocked by Alex Pietrangelo.
4:10 of 3rd period - Shot by Dustin Byfuglien.
4:10 of 3rd period - Shot Misses the Net.
4:21 of 3rd period - Keith Yandle is hit by Erik Karlsson and loses puck.
4:42 of 3rd period - Leo Komarov is hit by Alex Pietrangelo and loses puck.
5:25 of 3rd period - Jonathan Marchessault is hit by Jon Merrill and loses puck.
6:21 of 3rd period - Icing by Chris Kreider.
6:22 of 3rd period - Bryan Little wins face-off versus Evgeny Kuznetsov in Canucks zone.
6:47 of 3rd period - Shot by Bryan Little.
6:47 of 3rd period - Goal by Bryan Little - Canucks : 2 - Hurricanes : 3.
6:48 of 3rd period - Matt Duchene wins face-off versus Leo Komarov in neutral zone.
6:55 of 3rd period - Shot by Jonathan Marchessault.
6:55 of 3rd period - Stopped by Frederik Andersen without a rebound.
6:56 of 3rd period - Jonathan Marchessault wins face-off versus Lee Stempniak in Hurricanes zone.
7:03 of 3rd period - Shot by Evander Kane.
7:03 of 3rd period - Shot Blocked by Keith Yandle.
7:13 of 3rd period - Erik Karlsson is hit by Leo Komarov and loses puck.
8:07 of 3rd period - Off-side.
8:08 of 3rd period - Adam Henrique wins face-off versus Bryan Little in neutral zone.
8:35 of 3rd period - Shot by Nick Foligno.
8:35 of 3rd period - Shot Misses the Net.
9:06 of 3rd period - Ryan Strome is hit by Brad Richardson and loses puck.
9:10 of 3rd period - Minor Penalty to Jon Merrill for High sticking.
9:11 of 3rd period - Matt Duchene wins face-off versus Brad Richardson in Hurricanes zone.
10:05 of 3rd period - Shot by Chris Kreider.
10:05 of 3rd period - Goal by Chris Kreider - Canucks : 3 - Hurricanes : 3.
10:06 of 3rd period - Evgeny Kuznetsov wins face-off versus Derek Ryan in neutral zone.
10:09 of 3rd period - Jon Merrill is hit by Evgeny Kuznetsov.
10:19 of 3rd period - Shot by Chris Kreider.
10:19 of 3rd period - Stopped by Frederik Andersen without a rebound.
10:20 of 3rd period - Leo Komarov wins face-off versus Anthony Beauvillier in Hurricanes zone.
11:28 of 3rd period - Shot by Bryan Little.
11:28 of 3rd period - Shot Misses the Net.
11:53 of 3rd period - Shot by Nick Foligno.
11:53 of 3rd period - Stopped by Devan Dubnyk without a rebound.
11:54 of 3rd period - Derek Ryan wins face-off versus Matt Duchene in Canucks zone.
11:55 of 3rd period - Shot by Patrick Wiercioch.
11:55 of 3rd period - Deflect By Brad Richardson.
11:55 of 3rd period - Shot Blocked by Matt Duchene.
11:59 of 3rd period - Shot by Brad Richardson.
11:59 of 3rd period - Stopped by Devan Dubnyk without a rebound.
12:00 of 3rd period - Derek Ryan wins face-off versus Matt Duchene in Canucks zone.
14:04 of 3rd period - Shot by Ryan Strome.
14:04 of 3rd period - Stopped by Frederik Andersen without a rebound.
14:05 of 3rd period - Derek Ryan wins face-off versus Adam Henrique in Hurricanes zone.
14:10 of 3rd period - Shot by Brad Richardson.
14:10 of 3rd period - Shot Misses the Net.
14:20 of 3rd period - Shot by Alex Chiasson.
14:20 of 3rd period - Shot Blocked by Cody Ceci.
14:53 of 3rd period - Icing by Bryan Little.
14:54 of 3rd period - Evgeny Kuznetsov wins face-off versus Liam OBrien in Hurricanes zone.
14:59 of 3rd period - Shot by Evgeny Kuznetsov.
14:59 of 3rd period - Shot Misses the Net.
15:13 of 3rd period - Shot by Bryan Little.
15:13 of 3rd period - Shot Blocked by Alex Pietrangelo.
15:15 of 3rd period - Shot by Dustin Byfuglien.
15:15 of 3rd period - Shot Misses the Net.
15:50 of 3rd period - Shot by Lee Stempniak.
15:50 of 3rd period - Deflect By Zach Parise.
15:50 of 3rd period - Stopped by Devan Dubnyk without a rebound.
15:51 of 3rd period - Adam Henrique wins face-off versus Derek Ryan in Canucks zone.
15:51 of 3rd period - Cody Ceci is hit by Derek Ryan and loses puck.
16:12 of 3rd period - Shot by Adam Henrique.
16:12 of 3rd period - Shot Misses the Net.
16:21 of 3rd period - Minor Penalty to Derek Ryan for High sticking.
16:22 of 3rd period - Matt Duchene wins face-off versus Bryan Little in Hurricanes zone.
16:23 of 3rd period - Shot by Alex Pietrangelo.
16:23 of 3rd period - Shot Misses the Net.
16:41 of 3rd period - Shot by Erik Karlsson.
16:41 of 3rd period - Stopped by Frederik Andersen with a rebound.
16:43 of 3rd period - Shot by Alex Pietrangelo.
16:43 of 3rd period - Shot Blocked by Dustin Byfuglien.
16:45 of 3rd period - Shot by Evander Kane.
16:45 of 3rd period - Shot Misses the Net.
16:47 of 3rd period - Shot by Matt Duchene.
16:47 of 3rd period - Stopped by Frederik Andersen without a rebound.
16:48 of 3rd period - Bryan Little wins face-off versus Evgeny Kuznetsov in Hurricanes zone.
17:17 of 3rd period - Icing by Ryan Strome.
17:18 of 3rd period - Bryan Little wins face-off versus Chris Kreider in Canucks zone.
17:53 of 3rd period - Shot by Cody Ceci.
17:53 of 3rd period - Stopped by Frederik Andersen with a rebound.
17:55 of 3rd period - Shot by Cody Ceci.
17:55 of 3rd period - Shot Misses the Net.
17:57 of 3rd period - Shot by Mattias Ekholm.
17:57 of 3rd period - Shot Hit the Post.
17:59 of 3rd period - Shot by Matt Duchene.
17:59 of 3rd period - Stopped by Frederik Andersen with a rebound.
19:08 of 3rd period - Off-side.
19:09 of 3rd period - Bryan Little wins face-off versus Evgeny Kuznetsov in neutral zone.
19:11 of 3rd period - Off-side.
19:12 of 3rd period - Bryan Little wins face-off versus Ryan Strome in neutral zone.
19:12 of 3rd period - Dustin Byfuglien is hit by Chris Kreider and loses puck.
Goals for this period are 1 for Canucks vs 1 for Hurricanes.
Shots for this period are 10 for Canucks vs 7 for Hurricanes.

Overtime #1


0:01 of 1st overtime period - Bryan Little wins face-off versus Matt Duchene in neutral zone.
0:10 of 1st overtime period - Shot by Bryan Little.
0:10 of 1st overtime period - Deflect By Nick Foligno.
0:10 of 1st overtime period - Stopped by Devan Dubnyk without a rebound.
0:11 of 1st overtime period - Matt Duchene wins face-off versus Bryan Little in Canucks zone.
1:24 of 1st overtime period - Shot by Evander Kane.
1:24 of 1st overtime period - Stopped by Frederik Andersen without a rebound.
1:25 of 1st overtime period - Jonathan Marchessault wins face-off versus Nick Foligno in Hurricanes zone.
1:30 of 1st overtime period - Shot by Evgeny Kuznetsov.
1:30 of 1st overtime period - Stopped by Frederik Andersen without a rebound.
1:31 of 1st overtime period - Matt Duchene wins face-off versus Nick Foligno in Hurricanes zone.
1:42 of 1st overtime period - Shot by Matt Duchene.
1:42 of 1st overtime period - Shot Misses the Net.
1:44 of 1st overtime period - Shot by Alex Pietrangelo.
1:44 of 1st overtime period - Shot Blocked by Brett Pesce.
1:46 of 1st overtime period - Shot by Adam Henrique.
1:46 of 1st overtime period - Stopped by Frederik Andersen with a rebound.
3:14 of 1st overtime period - Shot by Chris Kreider.
3:14 of 1st overtime period - Shot Hit the Post.
4:21 of 1st overtime period - Shot by Michael Frolik.
4:21 of 1st overtime period - Stopped by Devan Dubnyk without a rebound.
4:22 of 1st overtime period - Zach Parise wins face-off versus Evander Kane in Canucks zone.
4:39 of 1st overtime period - Shot by Lee Stempniak.
4:39 of 1st overtime period - Stopped by Devan Dubnyk without a rebound.
4:40 of 1st overtime period - Jonathan Marchessault wins face-off versus Bryan Little in Canucks zone.
4:53 of 1st overtime period - Shot by Nick Foligno.
4:53 of 1st overtime period - Shot Misses the Net.
Goals for this period are 0 for Canucks vs 0 for Hurricanes.
Shots for this period are 3 for Canucks vs 3 for Hurricanes.

ShootOut


5:00 of 1st overtime period - Penalty Shot by Matt Duchene for Canucks.
5:00 of 1st overtime period - Goal by Matt Duchene.
5:00 of 1st overtime period - Penalty Shot by Bryan Little for Hurricanes.
5:00 of 1st overtime period - Goal by Bryan Little.
5:00 of 1st overtime period - Penalty Shot by Evgeny Kuznetsov for Canucks.
5:00 of 1st overtime period - Goal by Evgeny Kuznetsov.
5:00 of 1st overtime period - Penalty Shot by Nick Foligno for Hurricanes.
5:00 of 1st overtime period - Stopped by Devan Dubnyk.
5:00 of 1st overtime period - Penalty Shot by Adam Henrique for Canucks.
5:00 of 1st overtime period - Goal by Adam Henrique.